 Dungeon Crawl Stone Soup version 0.17.0-15-g6d90897 (webtiles) character file.

86 MDvedh the Skirmisher (level 4, -3/40 HPs)
             Began as a Minotaur Enchanter on Nov 10, 2015.
             Slain by an iguana (15 damage)
             ... on level 4 of the Dungeon.
             The game lasted 00:03:32 (2399 turns).

MDvedh the Skirmisher (Minotaur Enchanter)          Turns: 2399, Time: 00:03:32

Health: -3/40      AC:  3    Str: 13    XL:     4   Next: 26%
Magic:  5/5        EV: 12    Int: 15    God:
Gold:   33         SH:  0    Dex: 11    Spells: 1 memorised, 4 levels left

rFire  . . .     SeeInvis .     s - +2 dagger (venom)
rCold  . . .     Clarity  .     b - +1 robe
rNeg   . . .     SustAt   .     (no shield)
rPois  .         Gourm    .     (helmet restricted)
rElec  .         Spirit   .     (no cloak)
rCorr  .         Warding  .     (no gloves)
rMut   .         Stasis   .     (no boots)
MR     .....                    (no amulet)
Stlth  ++........               (no ring)
                                r - +3 ring of intelligence

@: not resistant to hostile enchantments, unstealthy
A: retaliatory headbutt, horns 2
a: no special abilities


You were on level 4 of the Dungeon.
You were hungry.

You visited 1 branch of the dungeon, and saw 4 of its levels.

You collected 33 gold pieces.

Inventory:

Hand Weapons
 o - a +0 club
 s - a +2 dagger of venom (weapon)
 t - a +0 flail
Armour
 b - a +1 robe (worn)
Jewellery
 l - an uncursed ring of fire
 r - a +3 ring of intelligence (left hand)
Scrolls
 a - 2 scrolls of noise {unknown}
 e - a scroll of amnesia {unknown}
 f - a scroll of teleportation {unknown}
 i - a scroll of enchant armour {unknown}
 j - a scroll of identify {unknown}
 m - 2 scrolls of remove curse {unknown}
 n - a scroll of fear {unknown}
 q - a scroll of random uselessness {unknown}
Potions
 g - 2 potions of curing {unknown}
 h - a potion of agility {unknown}
Books
 c - a book of Maledictions

   Spells                             Type                      Level
   a - Corona                         Hexes                        1
   b - Ensorcelled Hibernation        Hexes/Ice                    2
   c - Confuse                        Hexes                        3
   d - Tukima's Dance                 Hexes                        3
   e - Dazzling Spray                 Conjuration/Hexes            3
Comestibles
 d - 2 bread rations
 k - a meat ration
 p - 2 fruits


   Skills:
 - Level 4.3 Fighting
 - Level 1.1 Short Blades
 + Level 1.7 Maces & Flails
 - Level 2.1 Dodging
 - Level 2.4 Stealth
 - Level 1.3 Spellcasting
 - Level 2.0 Hexes


You had 4 spell levels left.
You knew the following spells:

 Your Spells              Type           Power        Failure   Level  Hunger
a - Corona                Hex            #......      12%         1    ##.....


Dungeon Overview and Level Annotations

Branches:
Dungeon (4/15)
 Temple: D:4-7

Altars:


Innate Abilities, Weirdness & Mutations

You reflexively headbutt those who attack you in melee.
You have a pair of horns on your head.


Message History

The iguana barely misses you.
You hit the iguana. Your headbutt misses the iguana.
The iguana is heavily wounded.
The iguana bites you.
You hit the iguana.
The iguana is almost dead.
The iguana bites you. The iguana bites you!
* * * LOW HITPOINT WARNING * * *
You are too injured to fight recklessly!
You are too injured to fight recklessly!
You are too injured to fight recklessly!
You are too injured to fight recklessly!
Wield which item (- for none, * to show all)? (? for menu, Esc to quit)
It begins to drip with poison!
s - a +2 dagger of venom (weapon)
Unknown command.
You hit the iguana.
The iguana is poisoned.
Your headbutt misses the iguana.
The iguana is almost dead.
The iguana bites you!
You die...

#.......# #....!..# .
#.......## #.
#........# #..
#.........
#.##........#
#....l.......##
#####..@....# ..#
...........## #.#
.....?...######.#####
>...................#
.(.......####....<..#
.........# #.......#
.........# #.......#
.........# #.......#
.........# #.......#


You could see an iguana.

Vanquished Creatures
  An adder (D:3)
  An ooze (D:1)
  A worm (D:2)
  A giant gecko (D:3)
  2 ball pythons
  8 bats
  2 giant cockroaches
  9 hobgoblins
  15 jackals
  3 kobolds
  4 giant newts
  9 goblins
  10 rats
66 creatures vanquished.

Notes
Turn   | Place    | Note
--------------------------------------------------------------
     0 | D:1      | MDvedh the Minotaur Enchanter began the quest for the Orb.
     0 | D:1      | Reached XP level 1. HP: 14/14 MP: 1/1
    49 | D:1      | Reached skill level 1 in Fighting
   122 | D:1      | Reached XP level 2. HP: 16/24 MP: 3/3
   328 | D:1      | Reached skill level 3 in Fighting
   334 | D:1      | Reached XP level 3. HP: 27/31 MP: 4/4
  1386 | D:2      | Reached skill level 1 in Maces & Flails
  1505 | D:2      | Reached skill level 4 in Fighting
  1849 | D:3      | Reached XP level 4. HP: 40/40 MP: 5/5
  2399 | D:4      | Slain by an iguana

Action                   |  1- 3 |  4- 6 || total
-------------------------+-------+-------++-------
Melee: Dagger            |   147 |    22 ||   169
       Flail             |       |     5 ||     5
 Stab: Sleeping          |     2 |       ||     2
  Eat: Chunk             |     3 |     1 ||     4
